 Dungeon Crawl Stone Soup version 0.26-a0-27-g1f0226971c (webtiles) character file.

Game seed: 11048702251009641625, levelgen mode: deterministic

178 Gwenloh the Shield-Bearer (level 5, -6/47 HPs)
             Began as a Minotaur Fighter on May 28, 2020.
             Was an Initiate of Makhleb.
             Killed from afar by an orc wizard (8 damage)
             ... with a magic dart
             ... on level 4 of the Dungeon.
             The game lasted 00:10:00 (3146 turns).

Gwenloh the Shield-Bearer (Minotaur Fighter)        Turns: 3146, Time: 00:10:01

Health: -6/47      AC:  9    Str: 20    XL:     5   Next: 32%
Magic:  4/4        EV:  6    Int:  5    God:    Makhleb [......]
Gold:   168        SH: 10    Dex: 11    Spells: 4/4 levels left

rFire    . . .     SeeInvis .   a - +1 war axe
rCold    . . .     Gourm    .   c - +1 kite shield
rNeg     + . .     Faith    .   s - +0 chain mail
rPois    .         Spirit   .   (helmet restricted)
rElec    .         Reflect  .   (no cloak)
rCorr    .         Harm     .   (no gloves)
MR       .....                  (no boots)
Stlth    ..........             (no amulet)
HPRegen  0.15/turn              (no ring)
MPRegen  0.09/turn              i - ring of positive energy

@: no status effects
A: retaliatory headbutt, horns 2
a: Renounce Religion


You were on level 4 of the Dungeon.
You worshipped Makhleb.
Makhleb was noncommittal.
You were not hungry.

You visited 1 branch of the dungeon, and saw 4 of its levels.

You collected 168 gold pieces.

Inventory:

Hand Weapons
 a - a +1 war axe (weapon)
 v - a +0 flail
Missiles
 j - 72 stones
 k - 6 silver boomerangs (quivered)
 n - 68 sling bullets
 t - a throwing net
Armour
 c - a +1 kite shield (worn)
 h - a +0 buckler
 s - a +0 chain mail (worn)
Jewellery
 i - a ring of positive energy (right hand)
Scrolls
 m - a scroll of amnesia
 o - a scroll of magic mapping
 w - a scroll of teleportation
 x - 3 scrolls of remove curse
Potions
 d - 2 potions of might
 e - a potion of magic {unknown}
 g - a potion of curing {unknown}
 l - 2 potions of flight {unknown}
 r - a potion of degeneration {unknown}
Comestibles
 f - 6 rations


   Skills:
 * Level 4.6 Fighting
 + Level 3.3 Axes
 * Level 4.9 Armour
 + Level 1.1 Dodging
 * Level 4.9 Shields
 + Level 0.4 Invocations


You had 4 spell levels left.
You didn't know any spells.
Your spell library was empty.

Dungeon Overview and Level Annotations

Branches:
Dungeon (4/15)
 Temple: D:4-7

Altars:
Makhleb


Innate Abilities, Weirdness & Mutations

You reflexively headbutt those who attack you in melee.
You have a pair of horns on your head.


Message History

You block something's attack.
You barely miss something.
Something hits you but does no damage. x2
You miss something.
You hear some strange, mumbled words.
A puff of flame appears from out of thin air!
The puff of flame hits you!
* * * LOW HITPOINT WARNING * * *
You barely miss something. Something hits you but does no damage.
You hear some strange, mumbled words.
A puff of flame appears from out of thin air!
The puff of flame hits you.
* * * LOW HITPOINT WARNING * * *
You closely miss something. You headbutt something. Something hits you.
* * * LOW HITPOINT WARNING * * *
You miss something. Something hits you but does no damage.
You miss something.
You hear some strange, mumbled words.
A magic dart appears from out of thin air!
The magic dart hits you!
You die...

#
###.##...
#@)..)...
#){......
#..#.....
.... ....
##... #..
...# #
#... #...


There were no monsters in sight!

Vanquished Creatures
  An orc wizard (D:4)
  3 gnolls (D:3)
  3 adders (D:2)
  A dart slug (D:3)
  2 leopard geckos
  7 orcs
  4 giant cockroaches
  14 goblins
  3 hobgoblins
  9 jackals
  A quokka (D:3)
  A ball python (D:2)
  7 bats
  4 frilled lizards
  13 kobolds
  A quokka zombie (D:3)
  10 rats
84 creatures vanquished.

Notes
Turn   | Place    | Note
-------+----------+-------------------------------------------
     0 | D:1      | Gwenloh the Minotaur Fighter began the quest for the Orb.
     0 | D:1      | Reached XP level 1. HP: 19/19 MP: 0/0
   152 | D:1      | Reached XP level 2. HP: 27/27 MP: 1/1
   753 | D:2      | Reached XP level 3. HP: 32/33 MP: 2/2
  1243 | D:2      | Reached XP level 4. HP: 27/40 MP: 3/3
  2232 | D:3      | Found a burning altar of Makhleb.
  2239 | D:3      | Became a worshipper of Makhleb the Destroyer
  2543 | D:3      | Reached skill level 1 in Dodging
  2593 | D:3      | Reached XP level 5. HP: 47/47 MP: 4/4
  3144 | D:4      | HP: 2/47 [something (1)]
  3146 | D:4      | Killed from afar by an orc wizard

Illustrated notes

Levels and vault maps discovered:
D:1:      ebering_trefoil_twist, layout_loops_ring, minmay_pentomino_t4
D:2:      layout_basic, st_stairs_10, serial_bayou_pond_b,
          minmay_three_crescents
D:3:      layout_basic, bloody_makhleb
D:4:      layout_cave_pools, lemuel_crystal_altar, uniq_crazy_yiuf_cottage

Skill      XL: |  1  2  3  4 |
---------------+-------------+-----
Armour         | 4 |  4.9
Shields        | 4 |  4.9
Fighting       | 4 |  4.6
Axes           | 3 |  3.3
Dodging        | 1 |  1.1
Invocations    | |  0.4

Action                   |  1- 3 |  4- 6 || total
-------------------------+-------+-------++-------
Melee: War axe           |    96 |    99 ||   195
       Headbutt          |     9 |    12 ||    21
Throw: Stone             |    41 |    72 ||   113
       Boomerang         |       |     6 ||     6
  Use: Scroll            |     4 |     4 ||     8
  Eat: Chunk             |     1 |     6 ||     7
Armor: Scale mail        |    51 |    10 ||    61
       Chain mail        |       |    37 ||    37
Dodge: Dodged            |    33 |    37 ||    70
Block: Kite shield       |    30 |    42 ||    72
       Buckler           |     1 |     9 ||    10

Table legend:
 A = Non-vault XP
 B = Vault XP
 C = Vault XP percentage of total XP
 D = Non-vault monster count
 E = Vault monster count
 F = Vault count percentage of total count
                 A         B        C        D         E       F
            +---------+---------+-------+---------+---------+-------
      Total |     209 |      46 |  18.0 |      69 |      15 |  17.9
            +---------+---------+-------+---------+---------+-------
        D:1 |      28 |       6 |  17.6 |      19 |       4 |  17.4
        D:2 |      52 |      40 |  43.5 |      23 |      11 |  32.4
        D:3 |      85 |       0 |   0.0 |      23 |       0 |   0.0
        D:4 |      44 |       0 |   0.0 |       4 |       0 |   0.0
            +---------+---------+-------+---------+---------+-------
